 Dungeon Crawl Stone Soup version 0.30-a0-46-g5a63ccc183 (webtiles) character file.

Game seed: 6325659469531860018

154 ytrimaz the Insei (level 5, 0/33 HPs)
             Began as an Octopode Transmuter on Sept 1, 2022.
             Was an Initiate of Ashenzari.
             Succumbed to an adder's poison
             ... on level 3 of the Dungeon.
             The game lasted 00:03:59 (3238 turns).

ytrimaz the Insei (Octopode Transmuter)             Turns: 3238, Time: 00:03:59

Health: 0/33       AC:  2    Str: 10    XL:     5   Next: 36%
Magic:  5/8        EV: 21    Int: 17    God:    Ashenzari [......]
Gold:   102        SH:  0    Dex: 17    Spells: 3/9 levels left

rFire   . . .      SeeInvis .      - Unarmed
rCold   . . .      Faith    .    (shield currently unavailable)
rNeg    . . .      Spirit   .    (helmet currently unavailable)
rPois   x          Reflect  .    (no amulet)
rElec   .          Harm     .    e - +4 ring of evasion
rCorr   .          Rampage  .    (no ring)
Will    .....                    (no ring)
Stlth   ++........               (no ring)
HPRegen 0.11/turn                (no ring)
MPRegen 0.11/turn                (no ring)
                                 (no ring)
                                 (no ring)

@: lethally poisoned (0 -> -20), spider-form, constricted
A: venomous fangs, almost no armour, (amphibious), 8 rings, tiny, (camouflage
1), (gelatinous body 1), (nimble swimmer 1), (tentacles)
a: End Transformation, Renounce Religion


You were on level 3 of the Dungeon.
You worshipped Ashenzari.
Ashenzari was noncommittal.
You were a venomous arachnid creature.
You visited 1 branch of the dungeon, and saw 3 of its levels.

You collected 102 gold pieces.


Innate Abilities, Weirdness & Mutations

You are a venomous arachnid creature.
You have poisonous fangs.
You are tiny and dextrous.
Your spellcasting is less reliable in this form.
Your armour is entirely melded.
You are incapable of wielding weapons or throwing items.
You cannot wear most types of armour.
((You are amphibious.))
You can wear up to eight rings at the same time.
((Your skin changes colour to match your surroundings (Stealth+).))
((Your rubbery body absorbs attacks. (AC +1, EV +1)))
((You are camouflaged when in or above water. (Stealth+)))
((You have tentacles for arms and can constrict up to eight enemies at once.))


   Skills:
 - Level 1.0 Fighting
 - Level 3.0 Dodging
 - Level 3.3 Unarmed Combat
 + Level 2.6 Spellcasting
 + Level 2.8 Transmutations
 * Level 3.2 Poison Magic


You had 3 spell levels left.
You knew the following spells:

 Your Spells              Type           Power      Damage    Failure   Level
a - Beastly Appendage     Tmut           22%        N/A       16%         1
b - Wereblood             Tmut           11%        N/A       22%         2
c - Spider Form           Tmut/Pois      12%        N/A       34%         3

Your spell library contained the following spells:

 Spells                   Type           Power      Damage    Failure   Level
 Necrotise                Necr           8%         1d4       38%         1
 Vampiric Draining        Necr           2%         2d6       71%         3
 Ice Form                 Ice/Tmut       7%         N/A       86%         4
 Agony                    Necr           2%         N/A       100%        5

Inventory:

Missiles
 b - 4 poisoned darts {throwing}
 c - 32 stones {throwing}
Jewellery
 e - a +4 ring of evasion (left front leg)
   (You found it on level 1 of the Dungeon)
Scrolls
 a - a scroll of identify {@r1}

Dungeon Overview and Level Annotations

Branches:
Dungeon (3/15) Zot: 14770

Altars:
Ashenzari

Shops:
D:1

= ..................#.#.
......................#.
......................##
........................
......................##
.....................##
....................##
......S......[......#
.....ros......>.....####
.....wS.†..............#
.......(...........)...#
.$#....................#
# ##..........##########
#.......>.##
..!#......## .####....##
######


You could see an adder (extremely poisoned), a dart slug, an orc, a quokka and a
ball python.


Message History

Things that are here:
a ball python corpse; a rat corpse Key pressed, stopping explore.
Key pressed, stopping explore.
Found a stone staircase leading down.
Found a stone staircase leading down.
A ball python comes into view.
A ball python is nearby!
A ball python is nearby!
An adder comes into view.
The adder hisses angrily.
You hear a shout!
You hear an angry hiss.
An orc comes into view. It is wielding a +0 club.
An adder comes into view.
A quokka comes into view.
One of your tentacles grows a vicious spike.
The ball python hisses angrily. 😎 MP[-1]
You lost 1 mp, and now have 7/8 mp.
The adder misses you.
A dart slug comes into view.
The adder closely misses you. x2; The orc barely misses you.
The ball python closely misses you. The ball python grabs you.
The ball python constricts you. The adder bites you.
You are poisoned.
The adder poisons you! 😕 HP[-2]
You take 2 damage, and now have 31/33 hp.
Casting: Beastly Appendage (safe; 6% risk of failure)
Confirm with . or Enter, or press ? or * to list all spells.
You don't know that spell.
You aren't carrying any potions.
Unknown command.
Casting: Beastly Appendage (safe; 6% risk of failure)
Confirm with . or Enter, or press ? or * to list all spells.
The spell is quite dangerous to miscast (16% risk of failure)!
Continue anyway?
Your tentacle spike disappears.
You turn into a venomous arachnid creature.
You feel sick. The adder closely misses you. The ball python bites you.
The ball python constricts you. The orc barely misses you.
The quokka twitches its whiskers.
The adder closely misses you. The adder misses you. 😕 HP[-4] MP[-3]
You take 4 damage, and now have 27/33 hp.
You lost 3 mp, and now have 4/8 mp.
Unknown command.
Unknown command.
You hit the adder.
The adder is poisoned.
You feel sick. The ball python completely misses you.
The ball python constricts you. The adder completely misses you.
The orc misses you.
The adder completely misses you. 😕 HP[-1]
You take 1 damage, and now have 26/33 hp.
You barely miss the adder.
You feel sick. The ball python misses you. The ball python constricts you.
The adder bites you.
You are more poisoned.
The adder poisons you! The adder bites you.
The orc completely misses you. 😮 HP[-5]
You take 5 damage, and now have 21/33 hp.
You bite the adder!
You kill the adder!
You feel very sick. The ball python barely misses you.
The ball python constricts you. The adder completely misses you.
The orc closely misses you. 😮 HP[-4]
You take 4 damage, and now have 17/33 hp.
Unknown command.
You hit the adder but do no damage.
You feel very sick. The adder completely misses you.
The ball python completely misses you. The ball python constricts you.
* * * LOW HITPOINT WARNING * * *
The orc closely misses you. The adder bites you.
* * * LOW HITPOINT WARNING * * *
The ball python misses you.
The ball python constricts you. 😨 HP[-6]
You take 6 damage, and now have 11/33 hp.
You hit the adder but do no damage.
The adder is poisoned.
* * * LOW HITPOINT WARNING * * *
You feel sick. The adder bites you.
* * * LOW HITPOINT WARNING * * *
The orc closely misses you. The ball python misses you.
The ball python constricts you. 😱 HP[-3] MP[+1]
You take 3 damage, and now have 8/33 hp.
Unknown command.
You bite the adder!
The adder looks as sick as possible!
* * * LOW HITPOINT WARNING * * *
You feel sick. The adder bites you.
* * * LOW HITPOINT WARNING * * *
You are more poisoned.
The adder poisons you! The ball python completely misses you.
The ball python constricts you. The orc barely misses you. 😱 HP[-5]
You take 5 damage, and now have 3/33 hp.
You aren't carrying any potions.
Unknown command.
You aren't carrying any potions.
Unknown command.
You hit the adder but do no damage.
The adder looks as sick as possible!
You die...

Skill      XL: |  1  2  3  4  5 |
---------------+----------------+-----
Dodging        | 3 |  3.0
Poison Magic   | 1 2 3 |  3.2
Fighting       | |  1.0
Unarmed Combat | |  3.3
Spellcasting   | |  2.6
Transmutations | |  2.8

Action                   |  1- 3 |  4- 6 || total
-------------------------+-------+-------++-------
Melee: Unarmed           |    63 |    65 ||   128
       Constrict         |    18 |    15 ||    33
       Kick              |    17 |     5 ||    22
       Tentacles         |     9 |    14 ||    23
       Punch             |     1 |     1 ||     2
 Cast: Beastly Appendage |    17 |    11 ||    28
       Spider Form       |       |     3 ||     3
       Wereblood         |       |     1 ||     1
  Use: Scroll            |     4 |       ||     4
       Potion            |       |     3 ||     3
 Stab: Sleeping          |     6 |     4 ||    10
Armor: Skin              |     2 |     5 ||     7
Dodge: Dodged            |    36 |    65 ||   101

Levels and vault maps discovered:
D:1:      dreamdust_arrival_beginning_and_end, layout_loops_corners,
          serial_shops, nicolae_shop_waterfront, minmay_tetromino_l4
D:2:      layout_loops_cross, ebering_ecumenical_altar_hall
D:3:      layout_basic, general_overflow_altar, gammafunk_ghost_stat_death,
          chequers_serial_rivers_micro_a

Notes
Turn   | Place    | Note
-------+----------+-------------------------------------------
     0 | D:1      | ytrimaz the Octopode Transmuter began the quest for the
                  | Orb.
     0 | D:1      | Reached XP level 1. HP: 13/13 MP: 3/3
     0 | D:1      | magus.rc [v1.9.6]
   326 | D:1      | Reached XP level 2. HP: 12/18 MP: 3/5
   864 | D:1      | Found Inupysh's Jewellery Boutique.
  1226 | D:1      | Reached skill level 3 in Dodging
  1320 | D:1      | Reached XP level 3. HP: 23/23 MP: 4/6
  1323 | D:1      | Learned a level 2 spell: Wereblood
  1327 | D:1      | Learned a level 3 spell: Spider Form
  1600 | D:2      | Reached skill level 1 in Poison Magic
  1813 | D:2      | You pick up a book of Necromancy and begin reading...
  1813 | D:2      | You add the spells Necrotise, Vampiric Draining and Agony
                  | to your library.
  1853 | D:2      | Reached XP level 4. HP: 20/28 MP: 5/7
  2073 | D:2      | Reached skill level 2 in Poison Magic
  2079 | D:2      | HP: 3/28 [gnoll/+0 halberd (7)]
  2359 | D:2      | Found a faded altar of an unknown god.
  2633 | D:2      | Reached XP level 5. HP: 22/33 MP: 6/8
  2785 | D:2      | Reached skill level 3 in Poison Magic
  2865 | D:3      | Found a broken altar of Ashenzari.
  2873 | D:3      | Became a worshipper of Ashenzari the Shackled
  3236 | D:3      | HP: 8/33 [adder (1)]
  3237 | D:3      | HP: 3/33 [adder (3)]
  3238 | D:3      | Succumbed to an adder's poison

Vanquished Creatures
  4 gnolls (D:2)
  6 adders
  A worm (D:2)
  2 dart slugs
  4 ball pythons
  5 endoplasms
  4 giant cockroaches
  7 goblins
  6 hobgoblins
  2 jackals (D:3)
  2 bats
  3 frilled lizards
  2 kobolds
  12 rats
60 creatures vanquished.

Table legend:
 A = Non-vault XP
 B = Vault XP
 C = Vault XP percentage of total XP
 D = Non-vault monster count
 E = Vault monster count
 F = Vault count percentage of total count
                 A         B        C        D         E       F
            +---------+---------+-------+---------+---------+-------
      Total |     216 |       5 |   2.3 |      57 |       3 |   5.0
            +---------+---------+-------+---------+---------+-------
        D:1 |      34 |       5 |  12.8 |      19 |       3 |  13.6
        D:2 |     147 |       0 |   0.0 |      23 |       0 |   0.0
        D:3 |      35 |       0 |   0.0 |      15 |       0 |   0.0
            +---------+---------+-------+---------+---------+-------

Illustrated notes

Table legend:
 A = Kills in this place as a percentage of kills in entire the game.
 B = Kills by you in this place as a percentage of kills by you in the entire game.
 C = Kills by friends in this place as a percentage of kills by friends in the entire game.
 D = Other kills in this place as a percentage of other kills in the entire game.
 E = Experience gained in this place as a percentage of experience gained in the entire game.
 F = Experience gained in this place divided by the number of levels of this place that you have seen.
                   A       B       C       D       E      F
               +-------+-------+-------+-------+-------+----------------------
         Total | 100.0 | 100.0 |   N/A |   N/A | 100.0 |  73.7
       Dungeon | 100.0 | 100.0 |   N/A |   N/A | 100.0 |  73.7
               +-------+-------+-------+-------+-------+----------------------

Table legend: (Time is in decaauts)
 A = Elapsed time spent in this place.
 B = Non-inter-level travel time spent in this place.
 C = Inter-level travel time spent in this place.
 D = Time resting spent in this place.
 E = Time spent auto-exploring this place.
 F = Levels seen in this place.
 G = Mean time per level.
                   A        B        C        D        E       F      G
               +--------+--------+--------+--------+--------+-----+--------+
         Total |   3229 |   3187 |     42 |     30 |   2707 |   3 | 1076.3 |
       Dungeon |   3229 |   3187 |     42 |     30 |   2707 |   3 | 1076.3 |
               +--------+--------+--------+--------+--------+-----+--------+

Top non-repeatable levels by time:
     D:1: 1505 daAuts
     D:2: 1353 daAuts
     D:3: 371 daAuts
